 Dungeon Crawl Stone Soup version 0.31.0-4-g52a2dc7128 (webtiles) character file.

Game seed: 13958158552166384550

2414 nightchill the Slicer (level 9, -5/47 (50) HPs)
             Began as a Vine Stalker Berserker on Jan 22, 2024.
             Was an Elder of Trog.
             Killed from afar by a steam dragon (11 damage)
             ... with a ball of steam
             ... on level 7 of the Dungeon.
             The game lasted 00:14:24 (5138 turns).

nightchill the Slicer (Vine Stalker Berserker)      Turns: 5138, Time: 00:14:24

HP:   -5/47 (50)    AC: 10    Str: 22    XL:     9   Next: 47%
MP:   0/10          EV: 11    Int:  7    God:    Trog [****..]
Gold: 362           SH:  0    Dex: 16    Spells: 8/8 levels left

rFire   . . .        a - +1 short sword (vamp)
rCold   + . .        (no shield)
rNeg    . . .        c - +0 plate armour
rPois   .            (no helmet)
rElec   .            (no cloak)
rCorr   .            (no gloves)
SInv    .            (no boots)
Will    +....        (no amulet) Stlth
                     p - +5 ring of evasion
HPRegen 1.07/turn    M - ring of protection from cold
MPRegen 0.12/turn

%: guardian spirit
@: drained
A: fangs 3, regeneration 1, magic shield, antimagic bite, no potion heal 2
a: Renounce Religion, Berserk, Trog's Hand, Brothers in Arms


You were on level 7 of the Dungeon.
You worshipped Trog.
Trog was greatly pleased with you.
You visited 1 branch of the dungeon, and saw 7 of its levels.
You also visited: Ossuary.

You collected 362 gold pieces.

Inventory:

Hand Weapons
 a - a +1 vampiric short sword (weapon)
 b - a +2 dagger of venom
 q - a +0 rapier
 w - a +1 dagger of holy wrath
Missiles
 z - 3 atropa-tipped darts (quivered)
Armour
 c - a +0 plate armour (worn)
 L - a +0 animal skin
Jewellery
 m - a ring of fire
 p - a +5 ring of evasion (left hand)
 K - a +6 ring of intelligence
 M - a ring of protection from cold (right hand)
Wands
 n - a wand of roots (12)
 y - a wand of digging (5)
 I - a wand of mindburst (11)
Scrolls
 d - 5 scrolls of teleportation {unknown}
 e - 13 scrolls of identify {unknown}
 f - 3 scrolls of revelation {unknown}
 g - 2 scrolls of noise {unknown}
 h - 2 scrolls of poison {unknown}
 j - a scroll of vulnerability {unknown}
 r - 4 scrolls of enchant weapon {unknown}
 s - a scroll of enchant armour {unknown}
 t - a scroll of immolation {unknown}
 u - 3 scrolls of fear {unknown}
 A - 2 scrolls of butterflies {unknown}
 D - a scroll of acquirement {unknown}
 G - a scroll of blinking {unknown}
Potions
 i - 2 potions of attraction {unknown}
 k - 6 potions of curing {unknown}
 l - 2 potions of degeneration {unknown}
 o - a potion of mutation {unknown}
 v - a potion of might {unknown}
 B - a potion of enlightenment {unknown}
 C - a potion of lignification {unknown}
 E - a potion of heal wounds {unknown}
 F - 2 potions of haste {unknown}
 H - 2 potions of resistance {unknown}
 J - a potion of brilliance {unknown}


   Skills:
 + Level 7.1 Fighting
 * Level 9.7 Short Blades
 - Level 1.5 Armour
 - Level 1.5 Dodging


You had 8 spell levels left.
You didn't know any spells.
Your spell library was empty.

Dungeon Overview and Level Annotations

Branches:
Dungeon (7/15)             Temple (0/1) D:6         Ossuary (visited)

Altars:
Cheibriados
Vehumet
Yredelemnul

Shops:
D:3 ?

Annotations:
D:5 exclusion: 2 downstairs
D:6 exclusion: downstairs


Innate Abilities, Weirdness & Mutations

You have razor-sharp teeth.
Your natural rate of healing is unusually fast.
When hurt, damage is shared between your health and your magic reserves.
Your bite disrupts and absorbs the magic of your enemies.
Potions cannot restore your health.


Message History

The steam dragon claws you but does no damage.
The steam dragon bites you but does no damage.
The steam dragon claws you but does no damage.
You hit the steam dragon.
You feel better.
The steam dragon is moderately wounded.
You hit the steam dragon.
The steam dragon is moderately wounded.
The steam dragon bites you! The steam dragon claws you.
You hit the steam dragon. Your bite misses the steam dragon.
The steam dragon is heavily wounded.
A wight comes into view. It is wielding a +3 flail.
The wight hits you with a +0 falchion!
* * * LOW HITPOINT WARNING * * *
You feel drained.
* * * LOW HITPOINT WARNING * * *
The steam dragon closely misses you. The steam dragon claws you.
* * * LOW HITPOINT WARNING * * *
A wight comes into view. It is wielding a +5 morningstar.
The wight attacks as it pursues you! The wight hits you with a +0 falchion!
* * * LOW HITPOINT WARNING * * *
You feel drained.
* * * LOW HITPOINT WARNING * * *
The steam dragon bites you but does no damage.
The steam dragon claws you but does no damage.
The wight hits you with a +2 scimitar.
* * * LOW HITPOINT WARNING * * *
You feel drained.
* * * LOW HITPOINT WARNING * * *
The steam dragon breathes steam at you. The ball of steam misses you.
Unknown command.
The wight barely misses you.
The wight is engulfed in a cloud of scalding steam.
The steam dragon attacks as it pursues you!
The steam dragon bites you.
* * * LOW HITPOINT WARNING * * *
The steam dragon claws you but does no damage.
The steam dragon breathes steam at you. The ball of steam hits you!
You die...

#.....# #....#
##....# #.....#
##§.§..##
#..D..z.##
##z§###..z#
#.z§# ##.......
##.@## ...#.##
#...## #.## #
###..#####..
#....#......
###........###.
#..........# ##
####....####..
#.##......# .
##...#.....##


You could see a steam dragon (catching breath) and 2 wights.

Vanquished Creatures
  Duvessa (D:6)
  An ice beast (D:6)
  2 ogres
  2 phantoms
  3 bullfrogs
  2 scorpions
  8 wights
  Dowan (D:6)
  2 bombardier beetles
  6 bullfrog zombies (Ossuary)
  4 orc priests
  A hound (D:5)
  A gnoll bouda (D:6)
  2 jellies (D:6)
  5 mummies (Ossuary)
  A sleepcap (D:6)
  2 iguanas
  Ijyb (D:4)
  2 orc wizards
  A killer bee zombie (Ossuary)
  3 crocodile zombies (Ossuary)
  2 hound zombies (Ossuary)
  3 howler monkey zombies (Ossuary)
  10 adders
  4 gnolls (D:6)
  A white imp (D:5)
  7 dart slugs
  16 orcs
  4 ball pythons
  10 endoplasms
  2 giant cockroaches
  7 goblins
  4 hobgoblins
  7 jackals
  4 kobolds
  4 quokkas
  2 training dummies (D:6)
  6 ball python zombies (Ossuary)
  8 bats
  4 frilled lizards
  A quokka zombie (D:5)
  2 rats
  A rat zombie (D:5)
160 creatures vanquished.

Notes
Turn   | Place    | Note
-------+----------+-------------------------------------------
     0 | D:1      | nightchill the Vine Stalker Berserker began the quest for
                  | the Orb.
     0 | D:1      | Reached XP level 1. HP: 11/11 MP: 2/2
   129 | D:1      | Reached skill level 3 in Short Blades
   155 | D:1      | Reached XP level 2. HP: 16/16 MP: 3/3
   325 | D:1      | Reached ** piety under Trog
   326 | D:1      | Reached XP level 3. HP: 20/20 MP: 4/4
   541 | D:2      | Identified the +3 robe of Inviolability {Fly Stlth+}
   744 | D:2      | Reached XP level 4. HP: 24/24 MP: 5/5
   780 | D:2      | Reached skill level 4 in Short Blades
  1199 | D:3      | Reached XP level 5. HP: 26/28 MP: 3/6
  1632 | D:3      | Reached skill level 5 in Short Blades
  1661 | D:3      | Found The Oracle's Delphic Readings.
  1965 | D:4      | Reached XP level 6. HP: 33/33 MP: 7/7
  2292 | D:4      | Reached *** piety under Trog
  2333 | D:4      | Noticed Ijyb
  2338 | D:4      | Killed Ijyb
  2462 | D:5      | Entered Level 5 of the Dungeon
  2577 | D:5      | Reached XP level 7. HP: 38/38 MP: 8/8
  2684 | D:5      | Found a sand-covered staircase.
  2693 | Ossuary  | Entered an ossuary
  2719 | Ossuary  | Reached skill level 6 in Short Blades
  3012 | Ossuary  | Reached skill level 5 in Fighting
  3136 | Ossuary  | Reached skill level 7 in Short Blades
  3175 | Ossuary  | Gained mutation: You have razor-sharp teeth. [Vine Stalker
                  | growth]
  3175 | Ossuary  | Reached XP level 8. HP: 31/43 MP: 6/9
  3540 | D:5      | Found a radiant altar of Vehumet.
  3549 | D:5      | Found a basalt altar of Yredelemnul.
  3555 | D:5      | Found a snail-covered altar of Cheibriados.
  3840 | D:6      | Reached skill level 8 in Short Blades
  3957 | D:6      | Reached **** piety under Trog
  4126 | D:6      | Reached XP level 9. HP: 45/49 MP: 4/10
  4183 | D:6      | Reached skill level 9 in Short Blades
  4296 | D:6      | Noticed Dowan
  4316 | D:6      | Killed Dowan
  4326 | D:6      | Noticed Duvessa
  4336 | D:6      | Killed Duvessa
  4408 | D:6      | Found a staircase to the Ecumenical Temple.
  5048 | D:7      | Noticed a troll
  5138 | D:7      | Killed from afar by a steam dragon

Illustrated notes

Levels and vault maps discovered:
D:1:      dpeg_arrival_shelter, layout_rooms, kennysheep_decorative_pillar,
          amcnicky_mini_corridor_feature
D:2:      layout_basic
D:3:      layout_basic, grunt_decor_resistance, nicolae_nh_oracle_at_delphi
D:4:      layout_basic, minivault_4, uniq_ijyb
D:5:      layout_rooms, minitemple, enter_ossuary_4
D:6:      dreamdust_elfheim, layout_cave_pods, minmay_temple_entry_stoned_glass
D:7:      layout_cave_pools, lightli_bailey_entry_fortress

Skill      XL: |  1  2  3  4  5  6  7  8  9 |
---------------+----------------------------+-----
Short Blades   | 3 4 5 7 8 9 |  9.7
Fighting       | 3 4 5 6 7 |  7.1
Armour         | |  1.5
Dodging        | |  1.5

Action                     |  1- 3 |  4- 6 |  7- 9 || total
---------------------------+-------+-------+-------++-------
  Melee: Short sword       |   109 |   167 |   413 ||   689
         Bite              |    32 |    55 |   161 ||   248
         Punch             |     2 |     3 |     8 ||    13
         Dagger            |       |    21 |    67 ||    88
 Invoke: Berserk           |       |     3 |     8 ||    11
 Armour: Plate armour      |    90 |   125 |   261 ||   476
         Animal skin       |     3 |       |       ||     3
  Dodge: Dodged            |    30 |    52 |    92 ||   174
